 Dungeon Crawl Stone Soup version 0.31-a0-38-g1548c4f2a5 (webtiles) character file.

Game seed: 487300571110699565

27 hwolsky the Scratcher (level 2, 0/12 HPs)
             Began as a Felid Transmuter on May 16, 2023.
             Slain by a quasit (2 damage)
             ... on level 4 of the Dungeon.
             The game lasted 00:04:19 (918 turns).

hwolsky the Scratcher (Felid Transmuter)             Turns: 918, Time: 00:04:19

Health: 0/12       AC:  1    Str:  6    XL:     2   Next: 93%
Magic:  5/6        EV: 17    Int: 14    God:
Gold:   89         SH:  0    Dex: 16    Spells: 4/5 levels left
                                        Lives:  0   Deaths: 0

rFire   . .          .
                       - Unarmed
rCold   . . .        (shield unavailable)
rNeg    . . .        (body armour unavailable)
rPois   .            (helmet unavailable)
rElec   .            (cloak unavailable)
rCorr   .            (gloves unavailable)
SInv    +            (boots unavailable)
Will    .....        d - amulet of magic regeneration
Stlth   ++           (no ring)
HPRegen 0.22/turn    (no ring)
MPRegen 0.50/turn

%: no passive effects
@: appendages, quick
A: horns 2, very small, claws 1, fangs 3, see invisible, speed 1, shaggy fur 1,
stealthy paws, no weapons or thrown items, no armour, multi-lived
a: End Transformation


You were on level 4 of the Dungeon.
You had temporarily grown beastly horns.
You visited 1 branch of the dungeon, and saw 3 of its levels.

You collected 89 gold pieces.

Inventory:

Jewellery
 d - an amulet of magic regeneration (around neck)
Scrolls
 b - 2 scrolls of noise
 e - a scroll of teleportation
 f - a scroll of fog {unknown}
 g - a scroll of enchant weapon {unknown}
Potions
 a - a potion of lignification
 c - a potion of attraction {unknown}


   Skills:
 + Level 1.5 Fighting
 - Level 2.6 Dodging
 + Level 1.4 Stealth
 + Level 3.2 Unarmed Combat
 - Level 2.0 Spellcasting
 * Level 3.0 Transmutations


You had 4 spell levels left.
You knew the following spells:

 Your Spells              Type           Power      Damage    Failure   Level
a - Beastly Appendage     Tmut           18%        N/A       7%          1

Your spell library contained the following spells:

 Spells                   Type           Power      Damage    Failure   Level
 Wereblood                Tmut           9%         N/A       11%         2
 Spider Form              Tmut/Pois      5%         N/A       36%         3
 Ice Form                 Ice/Tmut       5%         N/A       77%         4


Dungeon Overview and Level Annotations

Branches:
Dungeon (2/15) Zot: 17241

Altars:

Shops:
D:1 *=!


Innate Abilities, Weirdness & Mutations

You have temporarily grown beastly horns.
You have sharp claws.
You have razor-sharp teeth.
You have supernaturally acute eyesight. (SInv)
You cover ground quickly. (Speed+)
You are covered in fur. (AC +1)
Your paws help you pounce on unaware monsters.
You are incapable of wielding weapons or throwing items.
You cannot wear armour.
You gain extra lives every three experience levels.


Message History

The quasit barely misses you. x2
The quasit claws you but does no damage.
You miss the quasit.
The quasit is moderately wounded.
The quasit bites you. The quasit claws you. The quasit closely misses you.
The white imp gestures at you. The puff of frost misses you.
You scratch the quasit but do no damage.
You headbutt the quasit.
The quasit is heavily wounded.
The quasit closely misses you. The quasit completely misses you.
The quasit claws you but does no damage.
The white imp barely misses you.
You closely miss the quasit. Your headbutt misses the quasit.
The quasit is heavily wounded.
The quasit barely misses you. The quasit misses you. x2
The white imp barely misses you. The quasit barely misses you. x2
The quasit completely misses you.
Unknown command.
You closely miss the quasit.
The quasit is heavily wounded.
The quasit bites you.
* * * LOW HITPOINT WARNING * * *
The quasit closely misses you. The quasit barely misses you.
The white imp misses you.
You scratch the quasit. Your headbutt misses the quasit.
The quasit is almost dead.
The quasit misses you. x2
The quasit claws you but does no damage.
The white imp completely misses you.
You miss the quasit.
The quasit is almost dead.
Your horns disappear.
The quasit barely misses you. The quasit closely misses you.
The quasit claws you but does no damage.
The white imp closely misses you.
Casting: Beastly Appendage (safe; 7% risk of failure)
Confirm with . or Enter, or press ? or * to list all spells.
You grow a pair of large bovine horns.
The quasit bites you.
You die...

#######.#..#..##[#
###.......##.#
#.........##>.
#.#.#.....####
###.........#
#........[..#
#...........#####.
#..........5......
#.........@5#.....
#...........# ..5.
#...........# ..
#...........#
##########..# ....
#.### #.#


You could see a quasit and a white imp.

Vanquished Creatures
  3 bats (D:1)
  4 endoplasms
  A giant cockroach (D:1)
  4 goblins (D:1)
  2 hobgoblins (D:1)
  2 kobolds (D:1)
  3 quokkas
  2 frilled lizards (D:1)
21 creatures vanquished.

Notes
Turn   | Place    | Note
-------+----------+-------------------------------------------
     0 | D:1      | hwolsky the Felid Transmuter began the quest for the Orb.
     0 | D:1      | Reached XP level 1. HP: 9/9 MP: 4/4
    99 | D:1      | Found Meonid's Distillery.
   196 | D:1      | Reached XP level 2. HP: 10/12 MP: 6/6
   204 | D:1      | Reached skill level 1 in Stealth
   221 | D:1      | Found Uceowesm's Jewellery Boutique.
   697 | D:1      | Found Temukkarr's General Store.
   843 | D:2      | You fall into a shaft and drop 2 floors!
   918 | D:4      | Slain by a quasit

Illustrated notes

Levels and vault maps discovered:
D:1:      scummos_arrival_hexagon, layout_basic, serial_shops,
          nicolae_shop_back_alley_shop, shop, shop, fountainhead,
          kennysheep_doodads
D:2:      layout_basic, uniq_natasha
D:4:      layout_basic, serial_demonic, serial_demonic_g, serial_demonic_c,
          serial_demonic_e, serial_demonic_d, serial_demonic_c,
          serial_demonic_g, serial_demonic_b, gammafunk_ghost_icy

Skill      XL: |  1  2 |
---------------+-------+-----
Stealth        | 1 |  1.4
Transmutations | 3 |  3.0
Fighting       | |  1.5
Dodging        | |  2.6
Unarmed Combat | |  3.2
Spellcasting   | |  2.0

Action                     || total
---------------------------++-------
  Melee: Unarmed           ||    58
         Bite              ||     5
         Punch             ||     2
         Headbutt          ||     3
   Cast: Beastly Appendage ||     8
    Use: Scroll            ||     3
   Stab: Sleeping          ||     4
 Armour: Skin              ||     9
  Dodge: Dodged            ||    60

Table legend: (Time is in decaauts)
 A = Elapsed time spent in this place.
 B = Non-inter-level travel time spent in this place.
 C = Inter-level travel time spent in this place.
 D = Time resting spent in this place.
 E = Time spent auto-exploring this place.
 F = Levels seen in this place.
 G = Mean time per level.
                   A        B        C        D        E       F      G
               +--------+--------+--------+--------+--------+-----+--------+
         Total |    757 |    740 |     17 |      0 |    280 |   3 |  252.3 |
       Dungeon |    757 |    740 |     17 |      0 |    280 |   3 |  252.3 |
               +--------+--------+--------+--------+--------+-----+--------+

Top non-repeatable levels by time:
     D:1: 690 daAuts
     D:4: 61 daAuts
     D:2: 5 daAuts
